 Dungeon Crawl Stone Soup version 0.26.1-10-gdfb7c7de75 (webtiles) character file.

Game seed: 13123694581692934912

7697 tardwrangler69 the Protected (level 11, -1/99 HPs)
             Began as a Minotaur Fighter on Apr 4, 2021.
             Was a High Priest of Uskayaw.
             Slain by a two-headed ogre
             ... wielding a +0 giant club
              (7 damage)
             ... on level 10 of the Dungeon.
             The game lasted 00:10:28 (11941 turns).

tardwrangler69 the Protected (Minotaur Fighter)    Turns: 11941, Time: 00:10:29

Health: -1/99      AC: 14    Str: 21    XL:     11   Next: 0%
Magic:  10/10      EV: 13    Int:  5    God:    Uskayaw [*****.]
Gold:   787        SH: 10    Dex: 13    Spells: 10/10 levels left

rFire    + . .     SeeInvis .   a - +1 rapier
rCold    x . .     Faith    .   c - +1 kite shield
rNeg     . . .     Spirit   .   b - +0 scale mail
rPois    +         Reflect  .   (helmet restricted)
rElec    .         Harm     .   o - +1 cloak
rCorr    .         Rampage  .   C - +0 pair of gloves
Will     .....                  y - +0 pair of boots (curse)
Stlth    +.........             r - amulet of magic regeneration
HPRegen  0.26/turn              B - ring of fire
MPRegen  0.37/turn              w - ring of poison resistance

@: no status effects
A: retaliatory headbutt, horns 2
a: Renounce Religion, Stomp, Line Pass, Grand Finale


You were on level 10 of the Dungeon.
You worshipped Uskayaw.
Uskayaw was noncommittal.
You visited 2 branches of the dungeon, and saw 11 of its levels.
You also visited: Ossuary.

You collected 787 gold pieces.

Inventory:

Hand Weapons
 a - a +1 rapier (weapon)
 F - a +0 short sword of speed
Armour
 b - a +0 scale mail (worn)
 c - a +1 kite shield (worn)
 o - a +1 cloak (worn)
 y - a cursed +0 pair of boots (worn)
 C - a +0 pair of gloves (worn)
Jewellery
 l - an uncursed ring of resist corrosion
 r - an amulet of magic regeneration (around neck)
 w - a ring of poison resistance (right hand)
 B - a ring of fire (left hand)
Wands
 t - a wand of paralysis (9)
 u - a wand of digging (6)
 x - a wand of flame (21)
Scrolls
 e - 4 scrolls of remove curse
 f - 3 scrolls of enchant armour
 h - 11 scrolls of teleportation
 k - 2 scrolls of fog
 n - 10 scrolls of identify
 q - 2 scrolls of fear
 D - a scroll of silence {unknown}
 E - a scroll of amnesia {unknown}
Potions
 d - a potion of berserk rage {unknown}
 g - 3 potions of brilliance {unknown}
 i - 6 potions of flight
 j - 3 potions of curing
 m - a potion of mutation {unknown}
 p - 2 potions of lignification {unknown}
 s - a potion of ambrosia {unknown}
 v - a potion of heal wounds {unknown}
 z - a potion of invisibility {unknown}
 A - 2 potions of resistance {unknown}


   Skills:
 + Level 9.9 Fighting
 + Level 8.6 Short Blades
 + Level 10.3 Armour
 + Level 9.9 Dodging
 - Level 4.3 Stealth
 - Level 3.6 Shields


You had 10 spell levels left.
You didn't know any spells.
Your spell library contained the following spells:

 Spells                   Type           Power        Failure   Level
 Magic Dart               Conj           0%           99%         1
 Sandblast                Erth           0%           99%         1
 Blink                    Tloc           N/A          100%        2
 Call Imp                 Summ           0%           100%        2
 Passwall                 Tmut/Erth      0%           100%        2
 Slow                     Hex            0%           100%        2
 Conjure Flame            Conj/Fire      0%           100%        3
 Mephitic Cloud           Conj/Pois/Air  0%           100%        3
 Stone Arrow              Conj/Erth      0%           100%        3
 Petrify                  Tmut/Erth      0%           100%        4
 Lee's Rapid Deconstruct  Erth           0%           100%        5


Dungeon Overview and Level Annotations

Branches:
Dungeon (10/15)            Temple (1/1) D:7         Ossuary (visited)
   Lair: D:8-11         Orc: D:9-12

Altars:
Ashenzari
Cheibriados
Elyvilon
Fedhas
Gozag
Hepliaklqana
Kikubaaqudgha
Makhleb
Nemelex Xobeh
Okawaru
Qazlal
Ru
Sif Muna
Trog
Uskayaw
Vehumet
Wu Jian
Xom
Yredelemnul
Zin
The Shining One

Shops:
D:5 ?


Innate Abilities, Weirdness & Mutations

You reflexively headbutt those who attack you in melee.
You have a pair of horns on your head.


Message History

The yak gores you.
You hit the yak. You headbutt the yak.
You kill the yak!
The two-headed ogre hits you but does no damage.
The two-headed ogre hits you with a +0 giant spiked club!
You can now merge with and destroy a victim.
You have reached level 11!
You closely miss the two-headed ogre.
The two-headed ogre is moderately wounded.
The two-headed ogre hits you with a +0 giant club!
The two-headed ogre hits you with a +0 giant spiked club.
* * * LOW HITPOINT WARNING * * *
You puncture the two-headed ogre!
The two-headed ogre is moderately wounded.
You hit the two-headed ogre.
The two-headed ogre is heavily wounded.
The two-headed ogre hits you with a +0 giant club!!
* * * LOW HITPOINT WARNING * * *
The two-headed ogre hits you with a +0 giant spiked club!
You die...

.. #.##### .......
#####+#### .......
#........### .......
#........'.# .......
#........#.####.......
#........#....@O......
#........######.......
#####'#### .......
##...# ######' #..###
####'######
#.........#
#######.#.# '.....#.#


You could see a two-headed ogre.

Vanquished Creatures
  Pikel (D:4)
  4 centaur skeletons
  2 kobold demonologists (D:9)
  Grinder (D:3)
  A spriggan (D:10)
  9 yaks (D:10)
  2 steam dragons
  A wraith (D:10)
  Menkaure (D:5)
  Duvessa (D:4)
  4 water moccasins
  3 orc warriors
  3 ice beasts
  2 sky beasts
  A black bear (D:9)
  2 ogres
  A phantom (D:6)
  2 centaurs
  2 lemures (D:4)
  A big kobold (D:10)
  A bullfrog (D:6)
  Dowan (D:4)
  2 scorpions
  11 killer bees
  3 howler monkeys
  A centaur zombie (D:7)
  A quasit (D:7)
  2 orc priests
  A bullfrog zombie (D:7)
  A bullfrog skeleton (D:7)
  Crazy Yiuf (D:5)
  3 hounds
  2 jellies
  4 orc wizards
  A gnoll shaman (D:7)
  Jessica (D:2)
  6 iguanas
  6 worker ants
  8 mummies (Ossuary)
  A hound zombie (D:5)
  A worker ant zombie (D:7)
  2 howler monkey skeletons
  9 gnolls
  10 adders
  A shadow imp (D:6)
  3 white imps
  An ufetubus (D:7)
  3 adder skeletons
  A worm (D:2)
  3 leopard geckos
  21 orcs
  7 giant cockroaches
  3 hobgoblins
  7 jackals
  3 quokkas
  A ball python (D:3)
  6 bats
  4 frilled lizards
  2 gnoll zombies (Ossuary)
  6 goblins
  A hobgoblin zombie (Ossuary)
  3 jackal skeletons
  11 kobolds
  A kobold zombie (Ossuary)
  4 orc zombies (Ossuary)
  12 rats
  A spectral orc (D:2)
228 creatures vanquished.

Vanquished Creatures (collateral kills)
  A leopard gecko zombie (D:7)
1 creature vanquished.

Grand Total: 229 creatures vanquished

Notes
Turn   | Place    | Note
-------+----------+-------------------------------------------
     0 | D:1      | tardwrangler69 the Minotaur Fighter began the quest for the
                  | Orb.
     0 | D:1      | Reached XP level 1. HP: 19/19 MP: 0/0
   556 | D:1      | Reached XP level 2. HP: 26/27 MP: 1/1
  1127 | D:2      | Found an ornate altar of the Wu Jian Council.
  1186 | D:2      | Found a basalt altar of Yredelemnul.
  1230 | D:2      | Found a shimmering altar of Xom.
  1257 | D:2      | Noticed Jessica
  1266 | D:2      | Reached skill level 1 in Dodging
  1266 | D:2      | Reached XP level 3. HP: 33/33 MP: 2/2
  1267 | D:2      | Killed Jessica
  1483 | D:2      | Reached XP level 4. HP: 40/40 MP: 3/3
  1484 | D:2      | Found a bloodstained altar of Trog.
  1484 | D:2      | Found an iron altar of Okawaru.
  2090 | D:3      | Reached XP level 5. HP: 36/47 MP: 4/4
  2476 | D:3      | Noticed Grinder
  2490 | D:3      | Killed Grinder
  2491 | D:3      | Reached skill level 5 in Fighting
  2491 | D:3      | Reached skill level 5 in Short Blades
  2491 | D:3      | Reached XP level 6. HP: 18/56 MP: 5/5
  3211 | D:4      | Noticed Duvessa
  3212 | D:4      | Noticed Dowan
  3223 | D:4      | Killed Duvessa
  3239 | D:4      | Killed Dowan
  3240 | D:4      | Reached XP level 7. HP: 49/62 MP: 6/6
  3458 | D:4      | You fall into a shaft and drop 2 floors!
  3987 | D:6      | Noticed a steam dragon
  4021 | D:6      | Killed a steam dragon
  4022 | D:6      | Reached skill level 4 in Armour
  4022 | D:6      | Reached XP level 8. HP: 16/71 MP: 7/7
  4413 | D:6      | Reached skill level 5 in Dodging
  5100 | D:5      | Entered Level 5 of the Dungeon
  5826 | D:5      | Noticed Menkaure
  5841 | D:5      | Killed Menkaure
  5842 | D:5      | Reached skill level 5 in Armour
  6467 | D:5      | Noticed Pikel
  6904 | D:4      | Killed Pikel
  6905 | D:4      | Reached skill level 6 in Armour
  6905 | D:4      | Reached XP level 9. HP: 52/82 MP: 8/8
  7465 | D:5      | Reached skill level 7 in Armour
  7529 | D:5      | Found Zafaviale's Magic Scroll Boutique.
  7683 | D:5      | Found a runed translucent door.
  7684 | D:5      | Noticed Crazy Yiuf
  7897 | D:5      | Killed Crazy Yiuf
  8643 | D:7      | Found a staircase to the Ecumenical Temple.
  8718 | Temple   | Entered the Ecumenical Temple
  8843 | Temple   | Became a worshipper of Uskayaw the Reveller
  8865 | D:7      | Found a sand-covered staircase.
  8924 | Ossuary  | Entered an ossuary
  8933 | Ossuary  | Reached * piety under Uskayaw
  8940 | Ossuary  | Reached ** piety under Uskayaw
  8947 | Ossuary  | Reached *** piety under Uskayaw
  9305 | D:7      | Reached skill level 8 in Armour
  9305 | D:7      | Reached skill level 1 in Stealth
  9305 | D:7      | Reached **** piety under Uskayaw
 10186 | D:7      | Reached XP level 10. HP: 77/91 MP: 9/9
 10196 | D:7      | Reached ***** piety under Uskayaw
 10653 | D:8      | Reached skill level 9 in Armour
 10684 | D:8      | You fall into a shaft and drop 1 floor!
 10695 | D:9      | Noticed a rust devil
 10993 | D:9      | Found a glowing silver altar of Zin.
 11532 | D:10     | Entered Level 10 of the Dungeon
 11611 | D:10     | Reached skill level 10 in Armour
 11919 | D:10     | Noticed a two-headed ogre
 11939 | D:10     | Reached XP level 11. HP: 45/99 MP: 10/10
 11941 | D:10     | Slain by a two-headed ogre

Illustrated notes

Levels and vault maps discovered:
D:1:      psy_arrival_statuary, layout_loops_corners, minmay_stone_trees_small,
          item_on_display_a
D:2:      layout_basic, yredelemnul_forgotten_temple_becter,
          nicolae_overflow_hidden_temple,
          chequers_temple_overflow_statue_of_worship,
          nicolae_overflow_crystal_walls, uniq_jessica
D:3:      layout_loops_corners, minmay_checkerbox, uniq_grinder
D:4:      layout_loops_corners, uniq_duvessa
D:5:      minmay_octagon_keep, layout_cave_pools, serial_shops, shop,
          chequers_arboretum, nrook_mini_backslash, uniq_crazy_yiuf_cottage,
          uniq_menkaure, uniq_pikel
D:6:      layout_layer_cave, minivault_22
D:7:      minmay_chambers_of_fours, layout_rooms, minmay_temple_entry_trees,
          enter_ossuary_1, minmay_fractal_squares_diagonal_5
D:8:      layout_gridville, serial_shops, shop_statue, uniq_erica
D:9:      layout_basic, zin_scriptorium
D:10:     layout_roguey, hiddenorc1_lemuel, the_bakery, uniq_psyche
Temple:   nicolae_temple_elliptical

Skill      XL: |  1  2  3  4  5  6  7  8  9 10 |
---------------+-------------------------------+-----
Short Blades   | 3 4 5 6 7 8 |  8.6
Fighting       | 4 5 6 8 9 |  9.9
Dodging        | 1 2 3 4 6 8 9 |  9.9
Armour         | 4 6 8 10 | 10.3
Stealth        | 2 4 |  4.3
Shields        | |  3.6

Action                   |  1- 3 |  4- 6 |  7- 9 | 10-12 || total
-------------------------+-------+-------+-------+-------++-------
Melee: Rapier            |    61 |   114 |   424 |   218 ||   817
       Headbutt          |     9 |    16 |   105 |    55 ||   185
  Use: Potion            |       |     1 |     5 |       ||     6
       Scroll            |       |       |     9 |     1 ||    10
 Stab: Paralysed         |       |       |     9 |     9 ||    18
       Distracted        |       |       |     1 |       ||     1
Armor: Scale mail        |    40 |    27 |   107 |    73 ||   247
Dodge: Dodged            |    18 |    42 |   140 |    95 ||   295
Block: Kite shield       |    27 |    49 |   216 |   114 ||   406
